 Dungeon Crawl Stone Soup version 0.31-a0-851-g7ff8af7976 (webtiles) character file.

Game seed: 17702331602179192864

129 TheGamechu the Covert (level 5, -2/47 HPs)
             Began as a Gnoll Delver on Oct 5, 2023.
             Slain by a hobgoblin (5 damage)
             ... led by Robin
             ... on level 3 of the Dungeon.
             The game lasted 00:02:22 (683 turns).

TheGamechu the Covert (Gnoll Delver)                 Turns: 683, Time: 00:02:23

Health: -2/47      AC:  3    Str: 12    XL:     5   Next: 12%
Magic:  7/7        EV: 13    Int:  9    God:
Gold:   44         SH:  0    Dex: 15    Spells: 6/6 levels left

rFire   . . .        a - +0 short sword
rCold   . . .        (no shield)
rNeg    . . .        b - +0 leather armour
rPois   .            (no helmet)
rElec   .            (no cloak)
rCorr   .            (no gloves)
SInv    .            (no boots)
Will    .....        (no amulet)
Stlth   ++++         (no ring)
HPRegen 0.27/turn    (no ring)
MPRegen 0.10/turn

%: no passive effects
@: no status effects
A: fangs 1, strong nose, distributed training
a: no special abilities


You were on level 3 of the Dungeon.
You visited 1 branch of the dungeon, and saw 3 of its levels.

You collected 44 gold pieces.

Inventory:

Hand Weapons
 a - a +0 short sword (weapon)
Missiles
 h - 2 throwing nets
Armour
 b - a +0 leather armour (worn)
Wands
 g - a wand of digging (3)
Scrolls
 c - a scroll of fog
 d - a scroll of revelation
 e - a scroll of fear
Potions
 f - a potion of haste


   Skills:
 + Level 6.6 Fighting
 + Level 4.7 Short Blades
 + Level 1.4 Long Blades
 + Level 1.4 Axes
 + Level 1.4 Maces & Flails
 + Level 1.4 Polearms
 + Level 1.4 Staves
 + Level 1.4 Ranged Weapons
 + Level 1.4 Throwing
 + Level 1.4 Armour
 + Level 4.7 Dodging
 + Level 9.6 Stealth
 + Level 1.4 Shields
 + Level 1.4 Unarmed Combat
 + Level 1.4 Spellcasting
 + Level 1.1 Conjurations
 + Level 1.1 Hexes
 + Level 1.1 Summonings
 + Level 1.1 Necromancy
 + Level 1.1 Translocations
 + Level 1.1 Transmutations
 + Level 1.1 Fire Magic
 + Level 1.1 Ice Magic
 + Level 1.1 Air Magic
 + Level 1.1 Earth Magic
 + Level 1.1 Poison Magic
 + Level 1.5 Invocations
 + Level 1.4 Evocations
 + Level 1.2 Shapeshifting


You had 6 spell levels left.
You didn't know any spells.
Your spell library contained the following spells:

 Spells                   Type           Power      Damage    Failure   Level
 Dazzling Flash           Conj/Hex       4%         N/A       65%         3
 Volatile Blastmotes      Fire/Tloc      4%         2d10      65%         3
 Starburst                Conj/Fire      1%         6d3       100%        6
 Maxwell's Capacitive Co  Air            1%         ∞         100%        8


Dungeon Overview and Level Annotations

Branches:
Dungeon (5/15)
 Temple: D:4-7

Altars:
Wu Jian


Innate Abilities, Weirdness & Mutations

You have very sharp teeth.
Your uncanny sense of smell can sniff out nearby items.
Your experience applies equally to all skills.


Message History

The hobgoblin hits you but does no damage.
The goblin hits you with a +0 dagger. Robin barely misses you.
The hobgoblin hits you.
You hit Robin but do no damage.
Robin is severely wounded.
The hobgoblin hits you. Robin hits you with a +0 club.
The goblin closely misses you.
You hit Robin.
You kill Robin!
The hobgoblin closely misses you. The hobgoblin barely misses you.
The hobgoblin misses you.
Items here: $ ) [[ †.
You barely miss the hobgoblin. The hobgoblin closely misses you.
The goblin hits you with a +0 dagger. The hobgoblin hits you.
You are too injured to fight recklessly!
You are too injured to fight recklessly!
You hit the goblin but do no damage. The hobgoblin hits you.
The goblin hits you with a +0 dagger.
* * * LOW HITPOINT WARNING * * *
The hobgoblin hits you.
* * * LOW HITPOINT WARNING * * *
You miss the goblin. You punch the goblin.
You kill the goblin!
The hobgoblin barely misses you. The hobgoblin hits you.
* * * LOW HITPOINT WARNING * * *
The hobgoblin hits you.
* * * LOW HITPOINT WARNING * * *
Things that are here:
a +0 dagger; a goblin corpse The hobgoblin wields a +0 sling.
The hobgoblin shoots a sling bullet.
The sling bullet hits you but does no damage.
The hobgoblin hits you.
* * * LOW HITPOINT WARNING * * *
You hit the hobgoblin but do no damage. You hit the hobgoblin but do no damage.
The hobgoblin closely misses you.
The hobgoblin unwields a +0 sling.
The hobgoblin hits you.
* * * LOW HITPOINT WARNING * * *
You closely miss the hobgoblin. The hobgoblin hits you.
You die...

........##.[........###....##.#.#
.................†...........>#.#
.....##.#.......................#
.....##.##.......###.###......#.#
.....'...##......# #.# #........#
.....##..##......# #.#####..#.#.#
.######..###.....# #.......##.#..
. #..# #.....# #......###.#..
#..# #)).g@# #.....## #.#.. #..#
#...g.# #.....####.... ...#
#.....# #.....'.##.##. #..#
#.....# ##....#.##.##.
#.....###.....#....##.
##.......#.....#######.
................# #.
..........>.#....# #.
...#####....#....# #.


You could see 2 hobgoblins.

Vanquished Creatures
  A black bear (D:5)
  Robin (D:3)
  An adder (D:3)
  A dart slug (D:3)
  A giant cockroach (D:3)
  9 goblins (D:3)
  2 hobgoblins (D:3)
  3 ball pythons (D:3)
  A bat (D:3)
  A rat (D:3)
21 creatures vanquished.

Notes
Turn   | Place    | Note
-------+----------+-------------------------------------------
     0 | D:5      | Reached skill level 9 in Stealth
     0 | D:5      | TheGamechu the Gnoll Delver began the quest for the Orb.
     0 | D:5      | Reached XP level 1. HP: 23/23 MP: 1/1
     1 | D:5      | Noticed a black bear
     8 | D:5      | Killed a black bear
     9 | D:5      | Reached skill level 1 in Long Blades
     9 | D:5      | Reached skill level 1 in Axes
     9 | D:5      | Reached skill level 1 in Maces & Flails
     9 | D:5      | Reached skill level 1 in Polearms
     9 | D:5      | Reached skill level 1 in Staves
     9 | D:5      | Reached skill level 1 in Ranged Weapons
     9 | D:5      | Reached skill level 1 in Throwing
     9 | D:5      | Reached skill level 1 in Armour
     9 | D:5      | Reached skill level 1 in Shields
     9 | D:5      | Reached skill level 1 in Unarmed Combat
     9 | D:5      | Reached skill level 1 in Spellcasting
     9 | D:5      | Reached skill level 1 in Conjurations
     9 | D:5      | Reached skill level 1 in Hexes
     9 | D:5      | Reached skill level 1 in Summonings
     9 | D:5      | Reached skill level 1 in Necromancy
     9 | D:5      | Reached skill level 1 in Translocations
     9 | D:5      | Reached skill level 1 in Transmutations
     9 | D:5      | Reached skill level 1 in Fire Magic
     9 | D:5      | Reached skill level 1 in Ice Magic
     9 | D:5      | Reached skill level 1 in Air Magic
     9 | D:5      | Reached skill level 1 in Earth Magic
     9 | D:5      | Reached skill level 1 in Poison Magic
     9 | D:5      | Reached skill level 1 in Invocations
     9 | D:5      | Reached skill level 1 in Evocations
     9 | D:5      | Reached skill level 1 in Shapeshifting
     9 | D:5      | Reached XP level 2. HP: 29/29 MP: 1/3
     9 | D:5      | Reached XP level 3. HP: 35/35 MP: 1/4
     9 | D:5      | Reached XP level 4. HP: 41/41 MP: 1/5
    32 | D:5      | Noticed an ice beast
   293 | D:3      | Noticed Robin
   531 | D:3      | Found an ornate altar of the Wu Jian Council.
   645 | D:3      | Reached XP level 5. HP: 47/47 MP: 5/7
   672 | D:3      | Killed Robin
   683 | D:3      | Slain by a hobgoblin

Illustrated notes

Levels and vault maps discovered:
D:3:      layout_basic, nzn_wu_jian_contemplation, nzn_hepliaklqana_mist_gate,
          hellmonk_ecumenical_altar_crossroads, serial_shops, shop, uniq_robin
D:4:      layout_loops_corners, lemuel_crystal_altar, lemuel_round_altar,
          minmay_temple_entry_mini_moons, minmay_manual_moon,
          uniq_blork_the_orc, uniq_duvessa
D:5:      layout_basic, serial_glass, glass_columns_b, glass_columns_a,
          glass_columns_a, glass_columns_a, minmay_misc_feat_room,
          supply_closet_lemuel, minmay_misc_feat_tiny, minmay_manual_mares,
          uniq_crazy_yiuf_cottage

Skill      XL: |  1 |
---------------+----+-----
Stealth        | |  9.6
Long Blades    | 1 |  1.4
Axes           | 1 |  1.4
Maces & Flails | 1 |  1.4
Polearms       | 1 |  1.4
Staves         | 1 |  1.4
Ranged Weapons | 1 |  1.4
Throwing       | 1 |  1.4
Armour         | 1 |  1.4
Shields        | 1 |  1.4
Unarmed Combat | 1 |  1.4
Spellcasting   | 1 |  1.4
Conjurations   | 1 |  1.1
Hexes          | 1 |  1.1
Summonings     | 1 |  1.1
Necromancy     | 1 |  1.1
Translocations | 1 |  1.1
Transmutations | 1 |  1.1
Fire Magic     | 1 |  1.1
Ice Magic      | 1 |  1.1
Air Magic      | 1 |  1.1
Earth Magic    | 1 |  1.1
Poison Magic   | 1 |  1.1
Invocations    | 1 |  1.5
Evocations     | 1 |  1.4
Shapeshifting  | 1 |  1.2
Fighting       | |  6.6
Short Blades   | |  4.7
Dodging        | |  4.7

Action                     |  1- 3 |  4- 6 || total
---------------------------+-------+-------++-------
  Melee: Short sword       |     1 |    89 ||    90
         Bite              |       |    16 ||    16
         Punch             |       |     3 ||     3
    Use: Potion            |       |     1 ||     1
   Stab: Sleeping          |     1 |     2 ||     3
         Distracted        |       |     1 ||     1
 Armour: Leather armour    |       |    80 ||    80
  Dodge: Dodged            |       |    91 ||    91

Table legend: (Time is in decaauts)
 A = Elapsed time spent in this place.
 B = Non-inter-level travel time spent in this place.
 C = Inter-level travel time spent in this place.
 D = Time resting spent in this place.
 E = Time spent auto-exploring this place.
 F = Levels seen in this place.
 G = Mean time per level.
                   A        B        C        D        E       F      G
               +--------+--------+--------+--------+--------+-----+--------+
         Total |    642 |    642 |      0 |     46 |    311 |   3 |  214.0 |
       Dungeon |    642 |    642 |      0 |     46 |    311 |   3 |  214.0 |
               +--------+--------+--------+--------+--------+-----+--------+

Top non-repeatable levels by time:
     D:3: 454 daAuts
     D:4: 113 daAuts
     D:5: 74 daAuts
